 Dungeon Crawl Stone Soup version 0.31.0-11-ge490571c62 (webtiles) character file.

Game seed: 10653549709017898946

509 Idontno the Ducker (level 7, -1/50 HPs)
             Began as a Djinni Hedge Wizard on Feb 8, 2024.
             Slain by a bullfrog (6 damage)
             ... on level 6 of the Dungeon on Feb 9, 2024.
             The game lasted 01:13:58 (4684 turns).

Idontno the Ducker (Djinni Hedge Wizard)            Turns: 4684, Time: 01:13:58

Health: -1/50      AC:  4    Str:  9    XL:     7   Next: 42%
Gold:   163        EV: 12    Int: 17    God:
                   SH:  0    Dex: 13

rFire   + + .        r - +5 short sword (flame)
rCold   x . .        (no shield)
rNeg    . . .        h - +0 leather armour
rPois   ∞            o - +0 helmet
rElec   .            (no cloak)
rCorr   .            (no gloves)
SInv    .            (boots unavailable)
Will    .....        (no amulet)
Stlth   ++           (no ring)
HPRegen 0.28/turn    (no ring)
MPRegen 0.00/turn

%: infuse magic (-2 HP)
@: brilliant, flying
A: sickness immunity, fire resistance 2, cold vulnerability 1, float, innate
caster, HP casting, extra vitality 1
a: no special abilities


You were on level 6 of the Dungeon.
You visited 1 branch of the dungeon, and saw 6 of its levels.

You collected 163 gold pieces.

Inventory:

Hand Weapons
 a - a +0 dagger
 r - a +5 short sword of flaming (weapon)
 A - a +0 whip of venom
Missiles
 l - 5 curare-tipped darts
 w - a throwing net
 B - 6 darts of dispersal
Armour
 b - a +0 robe
 c - a +0 hat
 h - a +0 leather armour (worn)
 o - a +0 helmet (worn)
 p - a +0 ring mail
Magical Staves
 q - a staff of earth
Scrolls
 d - a scroll of butterflies {unknown}
 e - a scroll of silence {unknown}
 f - a scroll of noise
 i - 2 scrolls of identify
 j - a scroll of revelation
 n - a scroll of torment
 u - a scroll of amnesia {unknown}
 v - a scroll of acquirement {unknown}
 y - a scroll of poison
 z - a scroll of blinking {unknown}
 C - a scroll of immolation {unknown}
Potions
 g - a potion of ambrosia {unknown}
 k - a potion of berserk rage {unknown}
 m - a potion of brilliance
 s - a potion of might
 t - a potion of heal wounds {unknown}
 x - a potion of cancellation {unknown}


   Skills:
 + Level 3.2 Fighting
 + Level 2.1 Short Blades
 + Level 4.3 Dodging
 + Level 3.4 Stealth
 + Level 3.8 Spellcasting
 + Level 3.8 Conjurations
 + Level 3.8 Hexes
 + Level 3.8 Summonings
 + Level 3.8 Necromancy
 + Level 3.8 Translocations
 + Level 3.8 Fire Magic
 + Level 3.8 Ice Magic
 + Level 3.8 Air Magic
 + Level 3.8 Earth Magic
 + Level 3.8 Alchemy


You knew the following spells:

 Your Spells              Type           Power      Damage    Failure   Level
a - Magic Dart            Conj           96%        1d7       4%          1
b - Slow                  Hex            96%        N/A       4%          1
c - Blink                 Tloc           48%        N/A       7%          2
d - Call Imp              Summ           48%        N/A       7%          2
e - Mephitic Cloud        Conj/Alch/Air  24%        N/A       14%         3
f - Sting                 Conj/Alch      96%        1d9       4%          1
g - Searing Ray           Conj           48%        2d6       7%          2
h - Gell's Gravitas       Tloc           24%        N/A       14%         3
Your spell library was empty.

Dungeon Overview and Level Annotations

Branches:
Dungeon (6/15)
 Temple: D:4-7

Altars:
Hepliaklqana
Okawaru
Qazlal
Trog

Shops:
D:4 [([:

Annotations:
D:2 Robin


Innate Abilities, Weirdness & Mutations

You are immune to sickness and miasma.
You are immune to poison.
Your flesh is very heat resistant. (rF++)
You are vulnerable to cold. (rC-)
You float through the air rather than walking.
You learn spells naturally, not from books.
Your magical power is your life essence.
You have superior vitality. (+4 MHP)


Message History

Found 6 stones.
Found a stone staircase leading down.
There is a stone staircase leading up here.
The adder hisses angrily.
Casting: Blink (safe; 7% risk of failure)
Confirm with . or Enter, or press ? or * to list all spells.
Aiming: Searing Ray (safe; 7% risk of failure)
Press: ? - help, Shift-Dir - straight line, f - adder
Aim: an adder (66% to hit)
You feel a surge of power!
The searing ray hits the adder.
The adder is heavily wounded. (Press . to maintain the ray.)
* * * LOW HITPOINT WARNING * * *
The adder bites you but does no damage.
The searing ray hits the adder.
The adder is severely wounded.
* * * LOW HITPOINT WARNING * * *
The adder misses you.
The searing ray hits the adder!
You kill the adder!
* * * LOW HITPOINT WARNING * * *
A bullfrog comes into view.
Casting: Searing Ray (safe; 7% risk of failure)
Confirm with . or Enter, or press ? or * to list all spells.
Aiming: Gell's Gravitas (dangerous; 14% risk of failure)
Press: ? - help, Dir - move target You feel a surge of power!
Gravity reorients around empty space.
The bullfrog croaks.
* * * LOW HITPOINT WARNING * * *
Casting: Gell's Gravitas (dangerous; 14% risk of failure)
Confirm with . or Enter, or press ? or * to list all spells.
Aiming: Magic Dart (safe; 4% risk of failure)
Press: ? - help, Shift-Dir - straight line, f - bullfrog
Aim: a bullfrog (100% to hit)
You feel a surge of power!
The magic dart hits the bullfrog.
The bullfrog is lightly wounded.
* * * LOW HITPOINT WARNING * * *
You puncture the bullfrog! You burn the bullfrog.
The bullfrog is severely wounded.
The bullfrog hits you.
You die...

.......(.....##
........>.....#
#............#
#............#
#............#
#............#
#....F.......#
#....@..<....#
############.#


You could see a bullfrog.

Vanquished Creatures
  An ogre (D:4)
  2 scorpions (D:4)
  2 hounds
  An iguana (D:4)
  Terence (D:2)
  An orc wizard (D:4)
  A gnoll (D:5)
  7 adders
  A dart slug (D:5)
  9 orcs
  5 bats
  4 endoplasms
  4 giant cockroaches
  8 hobgoblins
  3 jackals (D:4)
  3 kobolds
  5 quokkas
  6 ball pythons
  5 frilled lizards
  11 goblins
  2 rats
82 creatures vanquished.

Vanquished Creatures (collateral kills)
  A gnoll (D:5)
  An endoplasm (D:4)
  A kobold (D:4)
3 creatures vanquished.

Grand Total: 85 creatures vanquished

Notes
Turn   | Place    | Note
-------+----------+-------------------------------------------
     0 | D:1      | Idontno the Djinni Hedge Wizard began the quest for the
                  | Orb.
     0 | D:1      | Idontno set off with the following spells memorised: Magic
                  | Dart, Slow, Blink, Call Imp, Mephitic Cloud.
     0 | D:1      | Reached XP level 1. HP: 15/15 MP: 0/0
   342 | D:1      | Reached XP level 2. HP: 15/22 MP: 0/0
  1260 | D:2      | Reached XP level 3. HP: 24/26 MP: 0/0
  1260 | D:2      | Learned a level 1 spell: Sting
  1320 | D:2      | Noticed Terence
  1328 | D:2      | Reached skill level 1 in Fighting
  1626 | D:2      | Killed Terence
  1627 | D:2      | Reached XP level 4. HP: 10/32 MP: 0/0
  1793 | D:2      | Noticed Robin
  1795 | D:2      | Reached skill level 3 in Dodging
  2502 | D:3      | Reached XP level 5. HP: 33/38 MP: 0/0
  2502 | D:3      | Learned a level 2 spell: Searing Ray
  3062 | D:3      | Found a hazy altar of Hepliaklqana.
  3248 | D:4      | Reached skill level 1 in Short Blades
  3248 | D:4      | Reached XP level 6. HP: 38/44 MP: 0/0
  3633 | D:4      | Found an iron altar of Okawaru.
  3751 | D:4      | Found Wecolag's Weapon Shoppe.
  3764 | D:4      | Found Zentel's Antique Armour Boutique.
  3804 | D:4      | Noticed an ogre
  3811 | D:4      | Killed an ogre
  3812 | D:4      | Reached skill level 4 in Dodging
  3812 | D:4      | Reached XP level 7. HP: 23/50 MP: 0/0
  3812 | D:4      | Learned a level 3 spell: Gell's Gravitas
  4114 | D:4      | Found Dirchesiu's Antique Armour Boutique.
  4186 | D:4      | Found Oshiquel's Book Shoppe.
  4387 | D:4      | Found a stormy altar of Qazlal.
  4388 | D:4      | Found a bloodstained altar of Trog.
  4527 | D:5      | Entered Level 5 of the Dungeon
  4684 | D:6      | Slain by a bullfrog

Illustrated notes

Levels and vault maps discovered:
D:1:      dpeg_arrival_rooms_a, layout_basic
D:2:      layout_basic, uniq_robin, uniq_terence
D:3:      layout_loops_ring, nicolae_hepliaklqana_hippocampus,
          grunt_ministairs_9
D:4:      layout_gridville, okawaru_gym_becter, gammafunk_temple_overflow_pools,
          serial_shops, nicolae_shop_rolling_square,
          nicolae_shop_just_a_little_nook, nicolae_shop_scrapyard, shop,
          minmay_puff
D:5:      layout_rooms, grunt_decor_junction, nrook_loot_triangle, hex_medium,
          nicolae_grassy_gnolls
D:6:      layout_basic, mainiacjoe_overflow_cross_hatched, serial_shops,
          nicolae_shop_pleasant_corner_grove, uniq_eustachio

Skill      XL: |  1  2  3  4  5  6  7 |
---------------+----------------------+-----
Fighting       | 1 2 3 |  3.2
Stealth        | 2 3 |  3.4
Dodging        | 3 4 |  4.3
Short Blades   | 1 2 |  2.1
Spellcasting   | |  3.8
Conjurations   | |  3.8
Hexes          | |  3.8
Summonings     | |  3.8
Necromancy     | |  3.8
Translocations | |  3.8
Fire Magic     | |  3.8
Ice Magic      | |  3.8
Air Magic      | |  3.8
Earth Magic    | |  3.8
Alchemy        | |  3.8

Action                     |  1- 3 |  4- 6 |  7- 9 || total
---------------------------+-------+-------+-------++-------
  Melee: Dagger            |    15 |       |       ||    15
         Short sword       |       |    28 |    30 ||    58
   Cast: Magic Dart        |    61 |    61 |    21 ||   143
         Sting             |    10 |    26 |     5 ||    41
         Slow              |     3 |       |       ||     3
         Call Imp          |     2 |     4 |     4 ||    10
         Blink             |     1 |     1 |     4 ||     6
         Mephitic Cloud    |       |     2 |     4 ||     6
         Searing Ray       |       |     4 |     5 ||     9
         Gell's Gravitas   |       |       |     2 ||     2
    Use: Scroll            |     4 |     7 |     1 ||    12
         Potion            |       |       |     1 ||     1
 Armour: Robe              |    14 |       |       ||    14
         Leather armour    |    20 |    59 |    34 ||   113
  Dodge: Dodged            |    30 |    63 |    20 ||   113
